 Dungeon Crawl Stone Soup version 0.17.0-28-g6e173f8 (console) character file.

30 Kloppie the Chiller (level 3, -4/28 HPs)
             Began as a Naga Ice Elementalist on Dec 3, 2015.
             Slain by Sigmund
             ... wielding a +0 scythe
              (12 damage)
             ... on level 2 of the Dungeon.
             The game lasted 00:03:57 (1695 turns).

Kloppie the Chiller (Naga Ice Elementalist)         Turns: 1695, Time: 00:03:58

Health: -4/28      AC:  2    Str: 10    XL:     3   Next: 20%
Magic:  6/6        EV: 10    Int: 16    God:
Gold:   33         SH:  0    Dex: 11    Spells: 2 memorised, 4 levels left

rFire  . . .     SeeInvis +     k - +0 short sword
rCold  . . .     Clarity  .     a - +0 robe
rNeg   . . .     SustAt   .     (no shield)
rPois  +         Gourm    .     (no helmet)
rElec  .         Spirit   .     (no cloak)
rCorr  .         Warding  .     (no gloves)
rMut   .         Stasis   .     (no barding)
MR     .....                    (no amulet)
Stlth  ++........               (no ring)
                                (no ring)

@: very slow, not resistant to hostile enchantments, unstealthy
A: see invisible, deformed body, poison resistance, slowness 2, slow metabolism
1, spit poison 2, AC +1
a: Spit Poison


You were on level 2 of the Dungeon.
You were not hungry.

You visited 1 branch of the dungeon, and saw 2 of its levels.

You collected 33 gold pieces.

Inventory:

Hand Weapons
 e - a +0 dagger
 k - a +0 short sword (weapon)
Missiles
 d - 78 stones (quivered)
Armour
 a - a +0 robe (worn)
Scrolls
 h - a scroll of identify {unknown}
 i - a scroll of enchant armour {unknown}
 m - a scroll of magic mapping {unknown}
Potions
 f - a potion of cure mutation {unknown}
 g - a potion of magic {unknown}
 j - a potion of brilliance {unknown}
 o - a potion of curing {unknown}
Books
 b - a book of Frost

   Spells                             Type                      Level
   a - Freeze                         Ice                          1
   b - Throw Frost                    Conjuration/Ice              2
   c - Ozocubu's Armour               Charms/Ice                   3
   d - Throw Icicle                   Conjuration/Ice              4
   e - Summon Ice Beast               Ice/Summoning                4
   f - Condensation Shield            Ice                          4
Comestibles
 c - 3 bread rations
 l - 3 meat rations
 n - a chunk of flesh


   Skills:
 - Level 1.5 Dodging
 - Level 3.0 Stealth
 + Level 2.5 Spellcasting
 - Level 1.0 Conjurations
 + Level 3.8 Ice Magic


You had 4 spell levels left.
You knew the following spells:

 Your Spells              Type           Power        Failure   Level  Hunger
a - Freeze                Ice            ##..         6%          1    #......
b - Throw Frost           Conj/Ice       #.....       12%         2    ##.....


Dungeon Overview and Level Annotations

Branches:
Dungeon (2/15)

Altars:

Annotations:
D:2 Sigmund


Innate Abilities, Weirdness & Mutations

You cannot wear boots.
Your serpentine skin is tough (AC +1).
You have supernaturally acute eyesight.
Armour fits poorly on your strangely shaped body.
Your system is resistant to poisons.
You cover ground very slowly.
You have a slow metabolism.
You can spit poison.


Message History

There is an open door here.
Sigmund points at you and mumbles some strange words.
You resist with some effort.
There is an open door here.
Some of the chunks of flesh in your inventory have rotted away.
Sigmund casts a spell at you. You resist with some effort.
Sigmund hits you from afar with a scythe.
* * * LOW HITPOINT WARNING * * *
Press: ? - help, Shift-Dir - straight line, f - Sigmund
Aim: Sigmund, wielding a scythe and wearing a robe (slightly transparent)
The splash of poison hits Sigmund.
Sigmund appears unharmed.
You feel slightly more hungry.
Sigmund hits you from afar with a scythe.
* * * LOW HITPOINT WARNING * * *
You have got your breath back.
Sigmund says, "Look into my eyes."
Sigmund misses you.
Sigmund hits you from afar with a scythe!
You die...

#.......#
#.###.#.#...#
#.#.#.#.# #.#.#.#.#
#.#.#.#.# #.#.#.#.#
#.#.#.#.#
####.#.#.#.#######
........@..........
#####.#.#.#.########
#.#(#.@........# #
#.#..........#
#.#..........#
#.#........).# ##
#.#..........# #.
#.#..........# #.
#.#.#.############.


You could see Sigmund (invisible).

Vanquished Creatures
  5 bats
  A giant cockroach (D:1)
  3 hobgoblins
  2 jackals (D:1)
  A ball python (D:1)
  2 giant newts (D:1)
  3 goblins
  7 kobolds (D:1)
  5 rats (D:1)
29 creatures vanquished.

Notes
Turn   | Place    | Note
--------------------------------------------------------------
     0 | D:1      | Kloppie the Naga Ice Elementalist began the quest for the Orb.
     0 | D:1      | Reached XP level 1. HP: 15/15 MP: 3/3
   468 | D:1      | Reached XP level 2. HP: 22/22 MP: 1/5
   514 | D:1      | Learned a level 2 spell: Throw Frost
  1344 | D:1      | Reached XP level 3. HP: 25/28 MP: 4/6
  1652 | D:2      | Noticed Sigmund
  1695 | D:2      | Slain by Sigmund

Action                   || total
-------------------------++-------
Melee: Unarmed           ||     3
       Dagger            ||    13
       Short sword       ||     6
Throw: Stone             ||    44
 Cast: Freeze            ||    34
 Abil: Spit Poison       ||     2
  Eat: Chunk             ||     2
